 Dungeon Crawl Stone Soup version 0.29.0-4-gdea44cf6ec (webtiles) character file.

Game seed: 10615622308801987093

30 qw the Chopper (level 3, 0/21 HPs)
             Began as a Tengu Warper on Aug 28, 2022.
             Succumbed to a kobold's poison
             ... on level 2 of the Dungeon.
             The game lasted 00:00:06 (1050 turns).

qw the Chopper (Tengu Warper)                       Turns: 1050, Time: 00:00:06

Health: 0/21       AC:  7    Str: 13    XL:     3   Next: 18%
Magic:  7/7        EV:  9    Int: 13    God:
Gold:   58         SH:  0    Dex: 13    Spells: 6/6 levels left

rFire   . . .      SeeInvis .   Y - +0 hand axe
rCold   + . .      Faith    .   (no shield)
rNeg    . . .      Spirit   .   e - +0 scale mail
rPois   .          Reflect  .   a - +1 hat of the Rambutan {rC+}
rElec   .          Harm     .   (no cloak)
rCorr   .          Rampage  .   (no gloves)
Will    .....                   (boots unavailable)
Stlth   ..........              (no amulet)
HPRegen 0.07/turn               (no ring)
MPRegen 0.10/turn               (no ring)

@: lethally poisoned (0 -> -7)
A: beak, talons 3
a: no special abilities


You were on level 2 of the Dungeon.
You visited 1 branch of the dungeon, and saw 2 of its levels.

You collected 58 gold pieces.


Innate Abilities, Weirdness & Mutations

You have a beak for a mouth.
You have claws for feet.


   Skills:
 - Level 2.0 Fighting
 + Level 3.9 Axes
 - Level 1.0 Throwing
 - Level 1.1 Armour
 - Level 2.1 Dodging
 - Level 2.0 Spellcasting
 - Level 2.4 Translocations


You had 6 spell levels left.
You didn't know any spells.
Your spell library contained the following spells:

 Spells                   Type           Power      Damage    Failure   Level
 Blink                    Tloc           14%        N/A       56%         2
 Gell's Gravitas          Tloc           7%         N/A       80%         3
 Lesser Beckoning         Tloc           7%         N/A       80%         3
 Teleport Other           Tloc           7%         N/A       80%         3
 Manifold Assault         Tloc           7%         N/A       100%        5

Inventory:

Hand Weapons
 j - a +0 mace
 Y - a +0 hand axe (weapon)
Missiles
 g - 4 boomerangs (quivered)
Armour
 a - the +1 hat of the Rambutan (worn) {rC+}
   (You acquired it on level 1 of the Dungeon)

   rC:        It protects you from cold.
 d - a +0 cloak of willpower
 e - a +0 scale mail (worn)
Scrolls
 c - a scroll of immolation {unknown}
 h - a scroll of brand weapon {unknown}
Potions
 b - a potion of degeneration {unknown}
 f - 3 potions of might
 i - a potion of curing {unknown}

Dungeon Overview and Level Annotations

Branches:
Dungeon (2/15)

Altars:

Annotations:
D:2 1 runed translucent door, Crazy Yiuf


Message History

Throw: 4 boomerangs
Press: ? - help, Q - select action Shift-Dir - straight line, f/p - goblin You throw a boomerang.
The boomerang closely misses the goblin.
Throw: 4 boomerangs
Press: ? - help, Q - select action Shift-Dir - straight line, f/p - goblin You throw a boomerang.
The boomerang closely misses the goblin.
You hit the goblin but do no damage. Your kick misses the goblin.
You peck the goblin.
The goblin is severely wounded.
The goblin barely misses you.
You hit the goblin but do no damage. You claw the goblin.
You kill the goblin!
You see here a +0 club.
A kobold comes into view.
It is wielding a +0 whip and quivering poisoned darts.
Throw: 4 boomerangs
Press: ? - help, Q - select action Shift-Dir - straight line, f - kobold You throw a boomerang.
The boomerang barely misses the kobold.
The kobold throws a poisoned dart.
The poisoned dart hits you!
You are poisoned.
You feel very sick.
The kobold throws a poisoned dart.
The poisoned dart hits you!
You are more poisoned.
1043 ||| FLEEEEING.
You feel very sick.
1044 ||| FLEEEEING.
You feel very sick.
1045 ||| FLEEEEING.
You feel very sick.
1046 ||| FLEEEEING.
You feel sick.
The kobold throws a poisoned dart.
The poisoned dart hits you!
You are lethally poisoned!
1047 ||| FLEEEEING.
You feel very sick.
1048 ||| FLEEEEING.
You feel sick.
You feel sick.
1050 ||| FLEEEEING.
You die... 7

#.................
7
#.######<.........
# #.# ###.......#
. #.# #.......# .#
#.# #.......# )#
#)# ######### ##
#.# #.# #@# #.#
#.# #####.#
#.K.K.# #.#####
#.# #.# #.#


You could see a kobold.

Vanquished Creatures
  A worm (D:2)
  A dart slug (D:1)
  2 giant cockroaches (D:1)
  2 hobgoblins
  3 kobolds (D:1)
  2 quokkas (D:1)
  4 ball pythons
  A bat (D:1)
  A frilled lizard (D:1)
  3 goblins
  3 rats
23 creatures vanquished.

Notes
Turn   | Place    | Note
-------+----------+-------------------------------------------
     0 | D:1      | qw the Tengu Warper began the quest for the Orb.
     0 | D:1      | Reached XP level 1. HP: 12/12 MP: 4/4
     0 | D:1      | 0 ||| qw: Version: 0.1-a-89-g26bdef1
     0 | D:1      | 0 ||| qw: Game counter: 352
     0 | D:1      | 0 ||| qw: Always use a shield: true
     0 | D:1      | 0 ||| qw: God list: Okawaru
     0 | D:1      | 0 ||| qw: Allow faded altars: false
     0 | D:1      | 0 ||| qw: Do Orc after D:15 true
     0 | D:1      | 0 ||| qw: Do second Lair branch before Depths: true
     0 | D:1      | 0 ||| qw: Lair rune preference: random
     0 | D:1      | 0 ||| qw: Plans: Normal
     0 | D:1      | 0 ||| PLANNING D:1-11
   163 | D:1      | Reached skill level 3 in Axes
   163 | D:1      | Reached XP level 2. HP: 17/17 MP: 6/6
   408 | D:1      | 408 ||| DROPPING +0 club.
   746 | D:1      | Found a faded altar of an unknown god.
   762 | D:1      | 762 ||| UPGRADING to +0 scale mail.
   772 | D:1      | 772 ||| DROPPING +0 leather armour.
   773 | D:1      | 773 ||| READING scroll labelled ANUVICYIRE.
   778 | D:1      | 778 ||| READING scroll labelled QARINU IN QEJA.
   778 | D:1      | Identified a scroll of acquirement
   778 | D:1      | 778 ||| ACQUIRING +1 hat of the Rambutan {rC+}
   778 | D:1      | Acquired the +1 hat of the Rambutan {rC+}
   780 | D:1      | 780 ||| UPGRADING to +1 hat of the Rambutan {rC+}.
   785 | D:1      | 785 ||| DRINKING 2 silvery potions.
   786 | D:1      | 786 ||| DROPPING scroll of blinking.
   850 | D:2      | Reached XP level 3. HP: 21/21 MP: 7/7
   878 | D:2      | Found a runed translucent door.
   879 | D:2      | Noticed Crazy Yiuf
  1043 | D:2      | 1043 ||| FLEEEEING.
  1044 | D:2      | 1044 ||| FLEEEEING.
  1045 | D:2      | 1045 ||| FLEEEEING.
  1046 | D:2      | 1046 ||| FLEEEEING.
  1047 | D:2      | 1047 ||| FLEEEEING.
  1047 | D:2      | HP: 4/21 [poisoned by a kobold]
  1048 | D:2      | 1048 ||| FLEEEEING.
  1049 | D:2      | HP: 1/21 [poisoned by a kobold]
  1050 | D:2      | 1050 ||| FLEEEEING.
  1050 | D:2      | Succumbed to a kobold's poison

Levels and vault maps discovered:
D:1:      saegor_arrival_simple_d, layout_loops_ring,
          hellmonk_ecumenical_altar_leap_of_faith
D:2:      layout_basic, uniq_crazy_yiuf_cottage, uniq_robin

Skill      XL: |  1 |
---------------+----+-----
Axes           | 3 |  3.9
Fighting       | |  2.0
Throwing       | |  1.0
Armour         | |  1.1
Dodging        | |  2.1
Spellcasting   | |  2.0
Translocations | |  2.4

Action                   || total
-------------------------++-------
Melee: Hand axe          ||    29
       Kick              ||     8
       Peck              ||     4
Throw: Boomerang         ||    39
  Use: Scroll            ||     2
       Potion            ||     1
Armor: Leather armour    ||     8
Dodge: Dodged            ||    10

Table legend:
 A = Non-vault XP
 B = Vault XP
 C = Vault XP percentage of total XP
 D = Non-vault monster count
 E = Vault monster count
 F = Vault count percentage of total count
                 A         B        C        D         E       F
            +---------+---------+-------+---------+---------+-------
      Total |      43 |       0 |   0.0 |      23 |       0 |   0.0
            +---------+---------+-------+---------+---------+-------
        D:1 |      31 |       0 |   0.0 |      18 |       0 |   0.0
        D:2 |      12 |       0 |   0.0 |       5 |       0 |   0.0
            +---------+---------+-------+---------+---------+-------
